[Event "13th All African Rapid-ch Men 2024"]
[Site "Accra"]
[Date "2024.03.10"]
[Round "6.8"]
[White "Levitan, Caleb Levi"]
[Black "Frempong-Smart Daniel"]
[Result "1-0"]
[ECO "B03"]
[WhiteElo "2235"]
[BlackElo "1877"]
[Annotator "TA"]
[PlyCount "108"]
[EventDate "2024.03.07"]
[EventType "rapid"]
[EventCountry "GHA"]
[SourceTitle "playchess.com"]
[Source "ChessBase"]
[SourceQuality "1"]
[TimeControl "900+10"]

1. e4 Nf6 2. e5 Nd5 3. d4 d6 4. c4 Nb6 5. exd6 cxd6 6. Nc3 g6 7. Be3 Bg7 8. Rc1 O-O 9. b3 d5 (9... e5 $14) 10. c5 $16 N6d7 11. Nxd5 {[%emt 0:00:26] White is more active.} e5 (11... e6 $14 12. Nc3 Nc6) 12. dxe5 Nxe5 13. Be2 Nbc6 14. Nf3 Ng4 ({Black should play} 14... Qa5+ $14 15. Qd2 Qxd2+ 16. Nxd2 (16. Bxd2 Rd8 $14) 16... Rd8) 15. O-O Nxe3 16. Nxe3 Qa5 17. Qd2 Qxd2 18. Nxd2 Rd8 19. Ndc4 Be6 20. Bf3 (20. Nd6 $14 {was preferrable.}) 20... Rab8 {[%emt 0:01:19] [#]} (20... Nd4 $11 {keeps the balance.}) 21. Bxc6 $1 bxc6 22. Rfd1 Rxd1+ 23. Rxd1 Rb5 24. Rd8+ Bf8 25. Ra8 Kg7 26. Rxa7 Bxc5 27. Ra6 Bxe3 28. Nxe3 {[%emt 0:00:11][%mdl 4096] Endgame. KRB-KRN} Rc5 {[%emt 0:00:02] [#] And now ...Rc1+ would win.} 29. Kf1 Rc1+ 30. Ke2 Ra1 31. Ra3 ({Reject} 31. Rxc6 $6 Rxa2+ 32. Kf3 Bxb3 $11) 31... h5 32. g3 g5 33. h4 gxh4 34. gxh4 Rh1 35. Ra4 Ra1 ({Better is} 35... Kf6 $14) 36. Kf3 (36. Nc2 $142 Rb1 37. Nb4) 36... Kf6 37. Ra5 Bxb3 $2 {[%emt 0:00:25][%mdl 8192] This move loses the game for Black.} (37... Ke7 $14) 38. Rf5+ $18 ({Stronger than} 38. Rxh5 Ba4 $11) 38... Ke6 39. axb3 {[%emt 0:00:02] KRN-KR} Ra3 40. Rc5 Rxb3 41. Rxc6+ Ke7 42. Rc5 Ke6 43. Rxh5 f6 44. Ra5 Rb4 45. h5 Rh4 46. Kg3 Rh1 47. Ng2 {[%emt 0:00:10] Threatening mate with Nf4+.} f5 48. Nf4+ Kf6 49. Ra6+ Ke5 50. Re6+ Kd4 51. h6 {[%emt 0:00:02] White mates.} Rg1+ 52. Ng2 Kd5 53. Re1 f4+ 54. Kf3 Kd4 {[%emt 0:01:27] Weighted Error Value: White=0.16 (very precise) /Black=0.65.  Loses game:     	---       	Black=1      Mistake:       	White=2     	Black=4      Inaccurate:     	White=5     	Black=3      OK:         	White=4     	Black=10     Best:        	White=8     	Black=3      Strong:       	White=1     	---} 1-0

[Event "13th All African Rapid-ch Men 2024"]
[Site "Accra"]
[Date "2024.03.10"]
[Round "6.9"]
[White "Akpa Prince"]
[Black "Pereira, Sergio Murilo de Ara"]
[Result "0-1"]
[ECO "B01"]
[WhiteElo "1845"]
[BlackElo "2115"]
[Annotator "RC"]
[PlyCount "118"]
[EventDate "2024.03.07"]
[EventType "rapid"]
[EventCountry "GHA"]
[SourceTitle "playchess.com"]
[Source "ChessBase"]
[SourceQuality "1"]
[TimeControl "900+10"]

1. e4 d5 2. exd5 Nf6 3. d4 Bg4 4. Nf3 Qxd5 5. Be2 Nc6 6. c4 Qf5 7. d5 O-O-O 8. Qa4 Bxf3 9. gxf3 Nd4 10. Qxa7 Nc2+ 11. Kf1 Qh3+ 12. Kg1 Ne1 13. Qa8+ Kd7 14. Qa4+ c6 15. dxc6+ bxc6 16. Qd1+ Ke8 17. Qxe1 Nh5 18. Nc3 f5 19. f4 Rd6 20. Bxh5+ Qxh5 21. Ne2 Qg4+ 22. Kf1 Qh3+ 23. Kg1 Qg4+ 24. Ng3 Rd1 25. Qxd1 Qxd1+ 26. Kg2 Qc2 27. Be3 Qxc4 28. Rhc1 Qd5+ 29. f3 Qd3 30. Bf2 h5 31. h4 Rh6 32. a4 e5 33. fxe5 f4 34. Ne4 Rg6+ 35. Ng5 Be7 36. Rc3 Qd2 37. a5 Bxg5 38. hxg5 Qxb2 39. Rac1 Rxg5+ 40. Kf1 Qb5+ 41. Rc4 Rxe5 42. Kg2 Rg5+ 43. Kh1 Rg6 44. Rc5 Qb2 45. R1c2 Qb1+ 46. Rc1 Qd3 47. R5c3 Qd2 48. R3c2 Qd5 49. Rc3 Qxa5 50. Rc4 Qd2 51. R4c2 Qd5 52. Rc3 Kf7 53. Rg1 Rxg1+ 54. Kxg1 g6 55. Rc5 Qxf3 56. Rc1 h4 57. Bxh4 Qg4+ 58. Kf1 Qxh4 59. Rxc6 Qh1+ 0-1

[Event "13th All African Rapid-ch Men 2024"]
[Site "Accra"]
[Date "2024.03.10"]
[Round "6.10"]
[White "Fomevor, Cephas Clinton"]
[Black "Ntamatungiro, Wilfried"]
[Result "0-1"]
[ECO "D36"]
[WhiteElo "1887"]
[BlackElo "1905"]
[Annotator "RC"]
[PlyCount "88"]
[EventDate "2024.03.07"]
[EventType "rapid"]
[EventCountry "GHA"]
[SourceTitle "playchess.com"]
[Source "ChessBase"]
[SourceQuality "1"]
[TimeControl "900+10"]

1. d4 d5 2. c4 c6 3. Nc3 Nf6 4. Nf3 e6 5. cxd5 exd5 6. Bg5 Be7 7. Qc2 Bg4 8. e3 Nbd7 9. Bd3 O-O 10. a3 Rc8 11. O-O Bxf3 12. gxf3 g6 13. b4 Nh5 14. Bxe7 Qxe7 15. Ne2 Qf6 16. Kg2 Qg5+ 17. Ng3 f5 18. f4 Qh6 19. Nxh5 Qxh5 20. Be2 Qh4 21. Bf3 Nb6 22. Kh1 Nc4 23. Rg1 Kh8 24. Rg3 Rce8 25. b5 Re7 26. bxc6 bxc6 27. Be2 Nd6 28. Bf3 Nc4 29. Be2 Nd6 30. Qc5 Ne4 31. Qxc6 Nxg3+ 32. fxg3 Qf6 33. Qxd5 Rxe3 34. Bf3 Rd8 35. Qb7 Qe7 36. Qc6 Re1+ 37. Rxe1 Qxe1+ 38. Kg2 Qd2+ 39. Kh3 Qxd4 40. a4 Kg7 41. a5 h6 42. a6 g5 43. Bh5 g4+ 44. Kg2 Qb2+ 0-1

[Event "13th All African Rapid-ch Men 2024"]
[Site "Accra"]
[Date "2024.03.10"]
[Round "6.11"]
[White "Mahamat Hachim Bachar"]
[Black "Yacouba, Souley Moussa"]
[Result "1-0"]
[ECO "C10"]
[WhiteElo "1843"]
[BlackElo "1645"]
[Annotator "NA RC"]
[PlyCount "117"]
[EventDate "2024.03.07"]
[EventType "rapid"]
[EventCountry "GHA"]
[SourceTitle "playchess.com"]
[Source "ChessBase"]
[SourceQuality "1"]
[TimeControl "900+10"]

1. e4 e6 2. d4 d5 3. Nc3 c5 4. e5 c4 5. Nf3 Ne7 6. Bg5 a6 7. Be2 Qc7 8. O-O Ng6 9. Re1 Be7 10. Qd2 Nc6 11. a3 Bd7 12. Bf1 h6 13. Bxe7 Ngxe7 14. Rad1 Ng6 15. h4 Nce7 16. h5 Nf8 17. Qf4 f6 18. Qg3 Rh7 19. exf6 Qxg3 20. fxg3 gxf6 21. Nh4 O-O-O 22. Be2 Kb8 23. Kh2 Rg7 24. g4 Nh7 25. Bf3 Ng5 26. Rf1 Kc7 27. Rde1 Be8 28. Ne2 Nc6 29. c3 Ne7 30. Nf4 Bd7 31. Nfg6 Nxg6 32. Nxg6 Be8 33. Nf4 Bf7 34. Bd1 Kd6 35. Re3 a5 36. b3 b5 37. bxc4 bxc4 38. Bc2 Rb8 39. Bg6 Ne4 40. Bxe4 dxe4 41. Kh3 Rb3 42. Ra1 f5 43. gxf5 exf5 44. g3 Be6 45. d5 Bc8 46. a4 Rgb7 47. Rd1 Ra3 48. Rd4 Rxa4 49. g4 Rb1 50. gxf5 Bxf5+ 51. Kg3 Raa1 52. Ne2 a4 53. Rxc4 Kxd5 54. Rd4+ Kc5 55. Kf4 a3 56. Kxf5 Rf1+ 57. Kxe4 a2 58. Ra4 Rab1 59. Rxa2 1-0